Unix NetHack Version 5.0.0-0 post-release - last build Jun 10 2026 00:39:30 (3ee93aec679c4c4259841fe613dc97188e26a321,branch:main).

Game began 2026-06-14 11:30:03, ended 2026-06-14 11:41:46.

Booker, lawful male human Knight

                                                               .-
                                                   ----       -.|
                                                 ---..|      -..
                                      --        --....|   -- ..----
                                       .     ----.....|   .--.....
                                       -.     ........|  -......
                                        ...----.-.....----....-
                                          ...|.........--....-
                                            ...............).--
                                             -..-.............|
                                             |.....-).%)......|
                                             |......G@.)))....|
                                             --.....(.....)..--
                                              -..0.....u...---
                                             ...-----.|..---
                                            -----   ------
Booker the Esquire       St:15 Dx:9 Co:12 In:8 Wi:14 Ch:18  Lawful S:505
Dlvl:3  $:23 HP:0(39) Pw:39(39) AC:3  Xp:4/88 T:1640  Burdened

Latest messages:
 You hear a door open.
 You hear the chime of a cash register.
 You are beginning to feel weak.
 You stop waiting.
 What do you want to eat? [g-jmnq or ?*]
 My, this is a yummy mango!
 What do you want to eat? [g-jnq or ?*]
 This melon is delicious!
 You hear the splashing of a naiad.
 You stop waiting.
 The kobold zombie hits!
 You destroy the kobold zombie!
 You miss the grid bug.
 The grid bug misses!
 You kill the grid bug!
 You fall down the stairs.
 You hit the gnome lord.
 MrEd misses the gnome lord.
 MrEd bites the gnome lord.
 The gnome lord thrusts one of his daggers at MrEd.
 The gnome lord misses MrEd.
 The gnome lord thrusts one of his daggers.
 The gnome lord hits!
 MrEd picks up a gnome corpse.
 MrEd hits the gnome lord.
 The gnome lord is killed!
 The gnome lord hits!
 There are several objects here.
 MrEd hits the gnome lord.
 MrEd bites the gnome lord.
 The gnome lord misses MrEd.
 The gnome throws a dagger!
 The dagger hits the gnome lord.
 You kill the gnome lord!
 Welcome to experience level 4.
 MrEd drops a gnome corpse.
 MrEd picks up a dart.
 The gnome wields 3 daggers!
 You miss the gnome.
 The gnome thrusts one of his daggers.
 The gnome hits!
 You miss the gnome.
 The gnome thrusts one of his daggers.
 The gnome hits!
 You miss the gnome.
 The gnome thrusts one of his daggers.
 The gnome hits!
 The gnome thrusts one of his daggers.
 The gnome hits!
 You die...

Inventory:
 Coins    ('$')
  $ - 23 gold pieces
 Weapons  (')')
  a - a blessed +1 long sword (weapon in right hand)
  b - an uncursed +1 lance (alternate weapon; not wielded)
 Armor    ('[')
  d - an uncursed +0 helmet (being worn)
  f - an uncursed +0 pair of leather gloves (being worn)
  e - an uncursed +0 small shield (being worn)
  c - an uncursed +1 ring mail (being worn)
 Comestibles  ('%')
  g - 10 uncursed apples
  h - 10 uncursed carrots
  q - an uncursed food ration
  j - an uncursed tripe ration
  i - 3 uncursed lichen corpses
 Potions  ('!')
  v - an uncursed potion of enlightenment
  w - 2 uncursed potions of fruit juice
  s - an uncursed potion of hallucination
  l - an uncursed potion of healing
  t - an uncursed potion of levitation
  u - a blessed potion of sleeping
 Wands    ('/')
  r - an uncursed wand of magic missile (0:5)

Booker the Knight's attributes:

Background:
 You were an Esquire, a level 4 male human Knight.
 You were lawful, on a mission for Lugh
 who was opposed by Brigit (neutral) and Manannan Mac Lir (chaotic).
 You were right-handed.
 You were in the Gnomish Mines, on level 3.
 You entered the dungeon 1640 turns ago.
 There was a new moon in effect when your adventure ended.
 You had 88 experience points, 72 more were needed to attain level 5.
 Your score was 505 before end-of-game adjustments.

Basics:
 You had 0 out of 39 hit points.
 You had all 39 energy points (spell power).
 Your armor class was 3.
 Your wallet contained 23 zorkmids.
 Autopickup was on for '$%?!"=/' plus thrown, with exceptions.

Final Characteristics:
 Your strength was 15 (limit:18/100).
 Your dexterity was 9 (limit:18).
 Your constitution was 12 (limit:18).
 Your intelligence was 8 (limit:18).
 Your wisdom was 14 (limit:18).
 Your charisma was 18 (limit:18).

Final Status:
 You weren't hungry.
 You were burdened; movement was slightly slowed.
 You were wielding a long sword.
 You had basic skill with long sword.

Final Attributes:
 You were devoutly aligned.
 You could jump.
 You were warded.
 You are dead.

Miscellaneous:
 You disabled loading and storing of bones levels.
 Total elapsed playing time was 11 minutes and 41 seconds.

Major events:
 Turn
    1: Booker the lawful male human Knight entered the dungeon
 1013: attained the rank of Esquire (level 3)
 1361: entered the Gnomish Mines
 1640: killed by a gnome

You didn't know any spells.

Skills:
 Fighting Skills
   bare handed combat [Unskilled]
   two weapon combat  [Unskilled]
   riding             [Basic]
 Weapon Skills
   dagger             [Unskilled]
   knife              [Unskilled]
   axe                [Unskilled]
   pick-axe           [Unskilled]
   short sword        [Unskilled]
   broadsword         [Unskilled]
   long sword         [Basic]
   two-handed sword   [Unskilled]
   saber              [Unskilled]
   club               [Unskilled]
   mace               [Unskilled]
   morning star       [Unskilled]
   flail              [Unskilled]
   hammer             [Unskilled]
   polearms           [Unskilled]
   spear              [Unskilled]
   trident            [Unskilled]
   lance              [Basic]
   bow                [Unskilled]
   crossbow           [Unskilled]
 Spellcasting Skills
   attack spells      [Unskilled]
   healing spells     [Unskilled]
   clerical spells    [Unskilled]

Voluntary challenges:
 Character rerolling was not enabled.
 You never genocided any monsters.
 You never polymorphed an object.
 You never changed form.
 You used no wishes.
Achievements:
 You entered a shop.
 You attained the rank of Esquire.
 You entered the Gnomish Mines.

 The Dungeons of Doom: levels 1 to 2
    Level 1:
       A fountain.
    Level 2:
       A potion shop, some fountains.
       Stairs down to The Gnomish Mines.
 The Gnomish Mines:
    Level 3: <- You were here.
       Final resting place for
          you, killed by a gnome.


Vanquished creatures:
  3 gnome leaders
  a dwarf
  a coyote
  a gas spore
  a yellow mold
  a green mold
  7 gnomes
  3 jackals
  2 kobolds
  3 sewer rats
  5 grid bugs
  5 lichens
  a kobold zombie
  4 newts
38 creatures vanquished.

No species were genocided or became extinct.

Game over:
                       ----------
                      /          \
                     /    REST    \
                    /      IN      \
                   /     PEACE      \
                  /                  \
                  |      Booker      |
                  |      23 Au       |
                  |   killed by a    |
                  |      gnome       |
                  |                  |
                  |                  |
                  |       2026       |
                 *|     *  *  *      | *
        _________)/\\_//(\/(/\)/\//\/|_)_______

Fare thee well Booker the Knight...

You died in The Gnomish Mines on dungeon level 3 with 503 points,
and 23 pieces of gold, after 1640 moves.
You were level 4 with a maximum of 39 hit points when you died.

